AoeStats
← isnaldojr

Arabia

507861545Analyzed
1v1 RM · 13d ago on Sep 20, 2026· 47m 41s· 2 players
Game mode
Random Map
Map size
Tiny (2 player)
Population
200
Speed
Normal
Resources
Standard
Victory
Conquest
Starting age
Dark Age
Ending age
Imperial Age
RankedLock teamsTeams togetherTeam positionsShared explorationLock speedFull tech treeHidden civsTurbo modeCheats
Victory
Defeat
🇨🇴 Celts · Colombia
1039
+16
🇧🇷 Hindustanis · Brazil
1033
-16
isnaldojr
7:45 Loom
10:19 Feudal Age
10:55 Double-Bit Axe
12:38 Horse Collar
19:20 Castle Age
17:51 Man-at-Arms
21:51 Bow Saw
23:19 Scale Barding Armor
25:33 Heavy Plow
29:30 Wheelbarrow
34:14 Imperial Age
32:14 Scale Mail Armor
32:24 Forging
35:50 Elite Ghulam
39:03 Conscription
43:21 Chemistry
46:53 Squires
46:39 Arson
48:28 Chain Mail Armor
48:48 Iron Casting
LordCalingo
8:26 Loom
11:14 Feudal Age
12:27 Double-Bit Axe
15:23 Castle Age
13:26 Horse Collar
15:22 Wheelbarrow
16:27 Bow Saw
24:25 Town Watch
25:01 Hand Cart
26:54 Fletching
27:47 Bodkin Arrow
28:09 Stone Mining
33:57 Scale Mail Armor
36:44 Imperial Age
35:57 Ballistics
36:40 Gold Mining
38:08 Conscription
37:39 Elite Woad Raider
38:36 Chain Mail Armor
38:49 Forging
39:54 Chain Mail Armor
40:52 Iron Casting
40:06 Arson
42:19 Chemistry
42:53 Plate Mail Armor
45:08 Blast Furnace
Connection lost

Rejoining the realm…

Still unreachable

The connection could not be restored.

Session expired

The server has moved on; the page needs a fresh start.